 Dungeon Crawl Stone Soup version 0.22-a0-596-gfbd32a6 (webtiles) character file.

2272 sking99 the Martial Artist (level 9, -1/54 HPs)
             Began as an Octopode Transmuter on July 5, 2018.
             Was a Follower of Makhleb.
             Slain by a howler monkey (6 damage)
             ... on level 6 of the Dungeon.
             The game lasted 00:15:57 (7202 turns).

sking99 the Martial Artist (Octopode Transmuter)    Turns: 7202, Time: 00:15:58

Health: -1/54      AC:  2    Str:  9    XL:     9   Next: 38%
Magic:  11/13      EV: 26    Int: 18    God:    Makhleb [*.....]
Gold:   205        SH:  0    Dex: 24    Spells: 9/14 levels left

rFire    . . .     SeeInvis .     - Unarmed
rCold    . . .     Gourm    .   (shield currently unavailable)
rNeg     . . .     Faith    .   (helmet currently unavailable)
rPois    x         Spirit   .   (no amulet)
rElec    .         Reflect  .   l - ring of protection from magic
rCorr    +         Harm     .   s - ring of resist corrosion
MR       +....                  w - +6 ring of dexterity
Stlth    ++........             (no ring)
HPRegen  0.18/turn              (no ring)
MPRegen  0.13/turn              (no ring)
                                (no ring)
                                (no ring)

@: spider-form
A: tiny, almost no armour, stealthy swim, (amphibious), 8 rings, (constrict 8)
a: End Transformation, Renounce Religion


You were on level 6 of the Dungeon.
You worshipped Makhleb.
Makhleb was aware of your devotion.
You were not hungry.
You were a venomous arachnid creature.
You visited 1 branch of the dungeon, and saw 7 of its levels.

You collected 289 gold pieces.
You spent 84 gold pieces at shops.

Inventory:

Missiles
 a - 140 arrows
 j - a throwing net (quivered)
Jewellery
 l - a ring of protection from magic (left front leg)
 s - a ring of resist corrosion (right front leg)
 w - a +6 ring of dexterity (on tentacle)
Wands
 r - a wand of random effects (31)
 v - a wand of polymorph (9)
Scrolls
 d - 2 scrolls of identify
 f - 2 scrolls of remove curse
 k - 2 scrolls of teleportation
 q - a scroll of fog {unknown}
Potions
 b - 2 potions of mutation
 e - a potion of might {unknown}
 g - a potion of ambrosia {unknown}
 h - 4 potions of brilliance
 i - 2 potions of degeneration
 m - a potion of agility
 n - a potion of flight {unknown}
 p - a potion of heal wounds {unknown}
 t - 5 potions of curing
 u - a potion of invisibility {unknown}
Comestibles
 c - 13 rations


   Skills:
 - Level 1.9 Fighting
 + Level 5.6 Dodging
 * Level 9.2 Unarmed Combat
 - Level 3.0 Spellcasting
 - Level 6.0 Transmutations
 - Level 2.0 Poison Magic


You had 9 spell levels left.
You knew the following spells:

 Your Spells              Type           Power        Failure   Level  Hunger
b - Sticks to Snakes      Tmut           ###.....     8%          2    ##.....
c - Spider Form           Tmut/Pois      ###.......   24%         3    ###....

Your spell library contained the following spells:

 Spells                   Type           Power        Failure   Level  Hunger
 Blade Hands              Tmut           ###.......   58%         5    ######.
 Ice Form                 Ice/Tmut       ##......     65%         4    ####...
 Beastly Appendage        Tmut           ###...       6%          1    None


Dungeon Overview and Level Annotations

Branches:
Dungeon (7/15)             Temple (0/1) D:5

Altars:
Elyvilon
Fedhas
Makhleb
Nemelex Xobeh
Sif Muna
Trog
Wu Jian
Xom
Zin
The Shining One

Shops:
D:5 *   D:6 !


Innate Abilities, Weirdness & Mutations

You cannot wear most types of armour.
You are very stealthy in the water. (Stealth+)
((You are amphibious.))
You can wear up to eight rings at the same time.
((You can use your tentacles to constrict eight enemies at once.))
((Your skin changes colour to match your surroundings (Stealth+).))
((Your rubbery body absorbs attacks. (AC +1, EV +1)))


Message History

The yak is heavily wounded.
The yak closely misses you. The howler monkey misses you.
The yak closely misses you.
You hit the yak.
The yak looks as sick as possible!
The yak is severely wounded.
The yak closely misses you.
The howler monkey completely misses you.
You barely miss the yak.
The yak is severely wounded.
The yak misses you. The yak gores you! The howler monkey hits you.
You hit the yak.
The yak is severely wounded.
The yak gores you!
* * * LOW HITPOINT WARNING * * *
The yak closely misses you. The howler monkey hits you.
* * * LOW HITPOINT WARNING * * *
You hit the yak.
The yak looks as sick as possible!
The yak is almost dead.
The yak misses you. The howler monkey hits you.
You die...

#####.######
#..........######
##.##...###.......
#.([)))..(.......#
#.>##)).###..###.#
#..###.## #..# #.#
#..# #.####..# #.#
#Y.# #...##..# #..
#s.# ###.##..# ###
#hY# #.##..#####
#..# #)#........
#..# #.#...#####
#..#####..........
###............#####
#...########.#.#####
#.### #..........#
#.# #.##........


You could see 2 yaks and a howler monkey.

Vanquished Creatures
  Sigmund (D:6)
  2 yaks (D:7)
  A hungry ghost (D:7)
  A sky beast (D:7)
  A phantom (D:7)
  A black bear (D:7)
  An ogre (D:5)
  2 centaurs
  3 bullfrogs
  A wyvern skeleton (D:7)
  2 scorpions
  2 howler monkeys (D:6)
  A centaur skeleton (D:3)
  Crazy Yiuf (D:5)
  A bullfrog zombie (D:6)
  2 orc priests
  3 hounds
  A bullfrog skeleton (D:7)
  4 orc wizards
  An iguana (D:5)
  Ijyb (D:4)
  4 worker ants
  7 gnolls
  7 adders
  An adder zombie (D:5)
  An adder skeleton (D:4)
  2 worms (D:2)
  A dart slug (D:1)
  3 leopard geckos
  28 orcs
  3 giant cockroaches
  8 goblins
  5 hobgoblins
  4 jackals (D:7)
  7 kobolds
  3 quokkas
  A ball python (D:3)
  3 bats
  2 frilled lizards
  A jackal skeleton (D:4)
  A quokka skeleton (D:6)
  6 rats
131 creatures vanquished.

Vanquished Creatures (collateral kills)
  A quokka (D:2)
  A frilled lizard (D:2)
  A kobold (D:2)
3 creatures vanquished.

Grand Total: 134 creatures vanquished

Notes
Turn   | Place    | Note
-------+----------+-------------------------------------------
     0 | D:1      | sking99 the Octopode Transmuter began the quest for the Orb.
     0 | D:1      | Reached XP level 1. HP: 13/13 MP: 3/3
   303 | D:1      | Reached XP level 2. HP: 16/18 MP: 3/5
   872 | D:2      | Learned a level 2 spell: Sticks to Snakes
   882 | D:2      | Found a glowing golden altar of the Shining One.
   989 | D:2      | Reached XP level 3. HP: 14/24 MP: 3/6
  1128 | D:2      | Found a blossoming altar of Fedhas.
  1133 | D:2      | Learned a level 3 spell: Spider Form
  1181 | D:2      | Reached skill level 4 in Unarmed Combat
  1297 | D:2      | Reached XP level 4. HP: 11/29 MP: 4/7
  1619 | D:2      | Reached skill level 1 in Poison Magic
  2283 | D:3      | Reached XP level 5. HP: 12/34 MP: 5/8
  3354 | D:3      | Reached skill level 5 in Unarmed Combat
  3354 | D:3      | Reached XP level 6. HP: 26/39 MP: 4/10
  3612 | D:3      | Found a burning altar of Makhleb.
  3625 | D:3      | Became a worshipper of Makhleb the Destroyer
  4241 | D:4      | Noticed Ijyb
  4251 | D:4      | Killed Ijyb
  4469 | D:5      | Entered Level 5 of the Dungeon
  4553 | D:5      | Reached XP level 7. HP: 24/44 MP: 8/11
  4719 | D:5      | Found Josecozi's Assorted Antiques.
  4722 | D:5      | Found a staircase to the Ecumenical Temple.
  4756 | D:5      | Reached skill level 6 in Unarmed Combat
  4991 | D:5      | Found a runed door.
  5070 | D:5      | Found a glowing silver altar of Zin.
  5070 | D:5      | Noticed an angel
  5436 | D:5      | Noticed Crazy Yiuf
  5443 | D:5      | Killed Crazy Yiuf
  5571 | D:6      | Found a sparkling altar of Nemelex Xobeh.
  5607 | D:6      | Found a white marble altar of Elyvilon.
  5607 | D:6      | Found a bloodstained altar of Trog.
  5608 | D:6      | Found a deep blue altar of Sif Muna.
  5658 | D:6      | Reached XP level 8. HP: 35/50 MP: 6/12
  5812 | D:6      | Reached * piety under Makhleb
  5813 | D:6      | Reached skill level 7 in Unarmed Combat
  6250 | D:6      | Found a shimmering altar of Xom.
  6352 | D:6      | Found Tonk's Distillery.
  6360 | D:6      | Bought 2 potions of curing for 84 gold pieces
  6396 | D:6      | Found an ornate altar of the Wu Jian Council.
  6453 | D:6      | Noticed Sigmund
  6464 | D:6      | Killed Sigmund
  6464 | D:6      | Reached skill level 5 in Transmutations
  6692 | D:7      | Reached skill level 8 in Unarmed Combat
  6764 | D:7      | Reached skill level 5 in Dodging
  6764 | D:7      | Reached XP level 9. HP: 42/54 MP: 5/13
  6911 | D:7      | Reached skill level 9 in Unarmed Combat
  7202 | D:6      | Slain by a howler monkey

Vault maps used:
D:1:      lemuel_arrival_river_bridge
D:2:      fedhas_altar_4, tso_altar, nrook_loot_triangle, minmay_small_reverse_x
D:3:      makhleb_blood_cavern_becter
D:4:      uniq_ijyb
D:5:      zin_angel, temple_fountains, serial_shops, nicolae_shop_behind_doors,
          first_ration, uniq_crazy_yiuf_cottage
D:6:      nicolae_overflow_quartered_altars, kennysheep_mini_moat, serial_shops,
          shop, nemelex_diamond_rough_becter, uniq_sigmund
D:7:      nicolae_overflow_hidden_temple

Skill      XL: |  1  2  3  4  5  6  7  8  9 |
---------------+----------------------------+-----
Unarmed Combat | 4 5 6 8 9 |  9.2
Poison Magic   | 1 2 |  2.0
Transmutations | 3 4 5 6 |  6.0
Spellcasting   | 3 |  3.0
Dodging        | 3 5 |  5.6
Fighting       | |  1.9

Action                   |  1- 3 |  4- 6 |  7- 9 || total
-------------------------+-------+-------+-------++-------
Melee: Unarmed           |    57 |   153 |   207 ||   417
       Tentacles         |     8 |     4 |     1 ||    13
       Constrict         |    12 |    10 |       ||    22
       Kick              |     7 |     2 |       ||     9
       Punch             |     1 |     2 |       ||     3
 Cast: Beastly Appendage |     7 |     1 |       ||     8
       Sticks to Snakes  |     3 |     3 |     3 ||     9
       Spider Form       |       |    22 |    27 ||    49
 Abil: End Transformatio |       |       |     2 ||     2
  Use: Scroll            |       |    13 |       ||    13
       Potion            |       |       |     1 ||     1
 Stab: Sleeping          |     6 |     1 |     1 ||     8
       Distracted        |       |     1 |     1 ||     2
  Eat: Chunk             |     1 |    10 |    13 ||    24
       Ration            |       |     1 |       ||     1
Armor: Skin              |     4 |     7 |     6 ||    17
Dodge: Dodged            |    32 |    98 |   205 ||   335

Table legend:
 A = Spawn XP
 B = Non-spawn XP
 C = Spawn XP percentage of total XP
 D = Spawn monster count
 E = Non-spawn monster count
 F = Spawn count percentage of total count
 G = Total turns spent on level
                    A         B        C        D         E        F      G
               +---------+---------+-------+---------+---------+-------+---------
         Total |       0 |    3247 |   0.0 |       0 |     134 |   0.0 |  7202
               +---------+---------+-------+---------+---------+-------+---------
           D:1 |       0 |      24 |   0.0 |       0 |      14 |   0.0 |   842
           D:2 |       0 |     111 |   0.0 |       0 |      25 |   0.0 |  1758
           D:3 |       0 |     236 |   0.0 |       0 |      30 |   0.0 |  1096
           D:4 |       0 |     164 |   0.0 |       0 |       7 |   0.0 |   799
           D:5 |       0 |     455 |   0.0 |       0 |      15 |   0.0 |   989
           D:6 |       0 |     927 |   0.0 |       0 |      28 |   0.0 |  1407
           D:7 |       0 |    1330 |   0.0 |       0 |      15 |   0.0 |   311
               +---------+---------+-------+---------+---------+-------+---------
